 Dungeon Crawl Stone Soup version 0.28-a0-57-g271197699b (webtiles) character file.

Game seed: 693743813030041451

14870 HAL9000 the Nimble (level 11, 0/97 HPs)
             Began as a Yellow Draconian Transmuter on July 30, 2021.
             Was an Elder of Elyvilon.
             Slain by a cane toad (12 damage)
             ... on level 2 of the Lair of Beasts.
             The game lasted 00:30:37 (18179 turns).

HAL9000 the Nimble (Yellow Draconian Transmuter)   Turns: 18179, Time: 00:30:38

Health: 0/97       AC: 11    Str: 14    XL:     11   Next: 94%
Magic:  14/17      EV: 15    Int: 16    God:    Elyvilon [****..]
Gold:   344        SH:  0    Dex: 11    Spells: 4/14 levels left

rFire   + . .      SeeInvis .     - Unarmed
rCold   + . .      Faith    .   (no shield)
rNeg    . . .      Spirit   .   (armour unavailable)
rPois   .          Reflect  .   (helmet restricted)
rElec   .          Harm     .   H - scarf {rC+ rF+}
rCorr   +          Rampage  .   (no gloves)
Will    .....                   (no boots)
Stlth   +.........              (no amulet)
HPRegen 0.26/turn               g - +4 ring of slaying
MPRegen 0.15/turn               t - +4 ring of protection

@: lethally poisoned (0 -> -27)
A: spit acid, AC +7, unfitting armour, cold-blooded, acid resistance
a: Breathe Acid, Renounce Religion, Lesser Healing, Heal Other, Purification,
Greater Healing, Divine Protection


You were on level 2 of the Lair of Beasts.
You worshipped Elyvilon.
Elyvilon was greatly pleased with you.
You visited 3 branches of the dungeon, and saw 13 of its levels.

You collected 631 gold pieces.
You spent 287 gold pieces at shops.

Inventory:

Hand Weapons
 w - the +10 hand axe of Ijuushro {vorpal, Str+5 Int+5 Dex-3}
   (You found it on level 6 of the Dungeon)

   It inflicts extra damage upon your enemies.
   Str:       It affects your strength (+5).
   Int:       It affects your intelligence (+5).
   Dex:       It affects your dexterity (-3).
Missiles
 f - 94 poisoned darts (quivered)
 k - a throwing net
 q - 13 boomerangs
 u - 8 atropa-tipped darts
 L - 2 silver boomerangs
Armour
 d - a +0 cloak
 H - a scarf of resistance (worn)
Magical Staves
 l - a staff of conjuration
Jewellery
 g - a +4 ring of slaying (left hand)
 p - an amulet of faith
 t - a +4 ring of protection (right hand)
Wands
 x - a wand of iceblast (4)
 B - a wand of polymorph (10)
 D - a wand of charming (10)
Scrolls
 a - 6 scrolls of amnesia
 i - a scroll of holy word
 m - a scroll of immolation
 r - 6 scrolls of teleportation
 y - 2 scrolls of blinking
 C - a scroll of fog
 J - 2 scrolls of brand weapon
Potions
 b - 2 potions of berserk rage
 c - 2 potions of flight
 h - 4 potions of brilliance
 j - 7 potions of curing
 n - 2 potions of attraction
 o - 3 potions of heal wounds
 s - 3 potions of haste
 v - a potion of mutation
 E - 3 potions of degeneration
 F - a potion of might
 I - a potion of lignification
 K - a potion of magic


   Skills:
 - Level 9.3 Fighting
 - Level 9.5 Dodging
 - Level 7.8 Unarmed Combat
 - Level 2.0 Spellcasting
 - Level 4.1 Transmutations
 - Level 9.0 Air Magic
 + Level 8.9 Invocations


You had 4 spell levels left.
You knew the following spells:

 Your Spells              Type           Power      Damage    Failure   Level
a - Beastly Appendage     Tmut           28%        N/A       3%          1
b - Wereblood             Tmut           14%        N/A       6%          2
c - Swiftness             Air            30%        N/A       1%          3
d - Airstrike             Air            15%        N/A       4%          4

Your spell library contained the following spells:

 Spells                   Type           Power      Damage    Failure   Level
 Shock                    Conj/Air       64%        1d7       3%          1
 Corona                   Hex            1%         N/A       21%         1
 Foxfire                  Conj/Fire      4%         2x1d4     21%         1
 Spider Form              Tmut/Pois      4%         N/A       26%         3
 Ensorcelled Hibernation  Hex/Ice        2%         N/A       30%         2
 Conjure Flame            Conj/Fire      1%         6-21      52%         3
 Frozen Ramparts          Ice            2%         1d2       52%         3
 Inner Flame              Hex/Fire       1%         N/A       52%         3
 Tukima's Dance           Hex            1%         N/A       52%         3
 Ice Form                 Ice/Tmut       8%         N/A       65%         4
 Summon Ice Beast         Ice/Summ       1%         N/A       90%         4
 Shadow Creatures         Summ           N/A        N/A       100%        6


Dungeon Overview and Level Annotations

Branches:
Dungeon (10/15)            Temple (1/1) D:7            Lair (2/6) D:10
    Orc (0/2) D:10
  Swamp: Lair:2-4    Shoals: Lair:2-4     Snake: Lair:2-4    Spider: Lair:2-4

Altars:
Ashenzari
Cheibriados
Dithmenos
Elyvilon
Fedhas
Gozag
Hepliaklqana
Kikubaaqudgha
Makhleb
Nemelex Xobeh
Okawaru
Qazlal
Ru
Sif Muna
Trog
Uskayaw
Vehumet
Wu Jian
Xom
Yredelemnul
Zin
The Shining One
Beogh

Shops:
D:8 ?[   D:9 *!*


Innate Abilities, Weirdness & Mutations

You can spit globs of acid.
Your golden yellow scales are hard. (AC +7)
You cannot fit into any form of body armour.
You are cold-blooded and may be slowed by cold attacks.
You are resistant to acid. (rCorr)


Message History

Unknown command.
You hit the cane toad. You punch the cane toad.
The cane toad is moderately wounded.
The cane toad stings you.
You are poisoned.
The cane toad poisons you!
You hit the cane toad but do no damage.
You tail-slap the cane toad, but do no damage.
The cane toad is moderately wounded.
You feel very sick. The cane toad stings you!!
You are more poisoned.
The cane toad poisons you!
You pummel the cane toad!!
The cane toad is severely wounded.
You feel very sick. The cane toad stings you!
You barely miss the cane toad.
The cane toad is severely wounded.
You feel very sick. The cane toad stings you!!
* * * LOW HITPOINT WARNING * * *
You barely miss the cane toad.
The cane toad is severely wounded.
You feel very sick. The cane toad completely misses you.
Unknown command.
You hit the cane toad.
The cane toad is almost dead.
You feel very sick. The cane toad stings you.
* * * LOW HITPOINT WARNING * * *
You are lethally poisoned!
The cane toad poisons you!
You hit the cane toad.
The cane toad is almost dead.
* * * LOW HITPOINT WARNING * * *
You feel extremely sick. The cane toad stings you!
You die...

#.. ###.# .. ...# ..#
.. ##..# ##..# .....
...##....## ...<..
.........#
.$#.P[###.......#
##.....F@.....!.##
#.#..............#
..####.........#.....##
.........#.....#.....#
........^#.....#.....#
.#........#.....#.....#
......#...P...........#
.....PP........#.....#
......P........#.....#


You could see a cane toad.

Vanquished Creatures
  A hydra (D:10)
  A two-headed ogre (D:10)
  3 black mambas
  4 komodo dragons
  3 cane toads (Lair:1)
  Maggie (D:7)
  Prince Ribbit (D:6)
  4 blink frogs (Lair:1)
  A shadow (D:9)
  26 yaks
  Sigmund (D:2)
  A vampire (D:9)
  3 wyverns
  2 basilisks
  A steam dragon (D:10)
  4 water moccasins
  11 orc warriors
  An ice beast (D:7)
  A black bear (Lair:1)
  2 ogres (D:6)
  4 centaurs
  A necrophage (D:7)
  3 scorpions
  6 bullfrogs
  2 wyvern zombies
  2 water moccasin skeletons
  A killer bee (D:10)
  5 wights
  A howler monkey (D:8)
  A bullfrog zombie (D:3)
  A centaur skeleton (D:7)
  2 centaur zombies (D:9)
  7 orc priests
  A bullfrog skeleton (D:4)
  2 hounds
  2 jellies
  5 iguanas
  A scorpion zombie (D:5)
  16 orc wizards
  A hound zombie (D:3)
  A hound skeleton (D:5)
  7 adders
  3 gnolls (D:6)
  A howler monkey skeleton (D:7)
  3 white imps
  2 ufetubi
  An adder zombie (D:3)
  2 worms
  3 dart slugs
  53 orcs
  9 ball pythons
  6 bats
  9 endoplasms
  3 giant cockroaches
  4 hobgoblins
  7 jackals
  4 quokkas
  4 frilled lizards
  11 goblins
  3 kobolds
  6 rats
278 creatures vanquished.

Vanquished Creatures (others)
  10 fungi
  15 plants
25 creatures vanquished.

Grand Total: 303 creatures vanquished

Notes
Turn   | Place    | Note
-------+----------+-------------------------------------------
     0 | D:1      | HAL9000 the Draconian Transmuter began the quest for the
                  | Orb.
     0 | D:1      | Reached XP level 1. HP: 16/16 MP: 3/3
   340 | D:1      | Reached XP level 2. HP: 20/23 MP: 5/5
   454 | D:1      | Learned a level 2 spell: Wereblood
   758 | D:1      | Reached XP level 3. HP: 27/28 MP: 6/6
  1566 | D:2      | Noticed Sigmund
  1575 | D:2      | Killed Sigmund
  1576 | D:2      | Reached XP level 4. HP: 31/38 MP: 5/7
  1576 | D:2      | Reached XP level 5. HP: 37/45 MP: 5/8
  1827 | D:3      | Found a shadowy altar of Dithmenos.
  1843 | D:3      | Reached XP level 6. HP: 16/52 MP: 9/9
  2226 | D:3      | Found a sacrificial altar of Ru.
  2650 | D:3      | Found a glowing golden altar of the Shining One.
  2800 | D:3      | Found a basalt altar of Yredelemnul.
  2837 | D:4      | Learned a level 3 spell: Swiftness
  2922 | D:4      | Reached skill level 5 in Fighting
  3262 | D:4      | Your scales start taking on a golden yellow colour.
  3262 | D:4      | Reached XP level 7. HP: 61/61 MP: 8/10
  3262 | D:4      | Gained mutation: You are resistant to acid. (rCorr) [Yellow
                  | Draconian growth]
  3494 | D:5      | Entered Level 5 of the Dungeon
  3612 | D:5      | Reached skill level 1 in Air Magic
  4864 | D:6      | Identified the +10 hand axe of Ijuushro {vorpal, Str+5
                  | Int+5 Dex-3}
  4976 | D:6      | Reached skill level 5 in Air Magic
  4976 | D:6      | Reached XP level 8. HP: 58/69 MP: 9/11
  5377 | D:6      | Learned a level 4 spell: Airstrike
  5652 | D:6      | Found a broken altar of Ashenzari.
  6035 | D:6      | Noticed Prince Ribbit
  6046 | D:6      | Killed Prince Ribbit
  6781 | D:7      | Found a staircase to the Ecumenical Temple.
  6795 | Temple   | Entered the Ecumenical Temple
  7011 | Temple   | Became a worshipper of Elyvilon the Healer
  7093 | D:7      | Reached XP level 9. HP: 74/74 MP: 12/12
  7122 | D:7      | Found an iron altar of Okawaru.
  7354 | D:7      | Noticed Maggie
  7418 | D:7      | Killed Maggie
  7419 | D:7      | Reached skill level 5 in Dodging
  8040 | D:7      | Found a shimmering blue altar of Sif Muna.
  8072 | D:8      | Found Zusaf's Armour Shop.
  8118 | D:8      | Found an opulent altar of Gozag.
  8370 | D:8      | Reached * piety under Elyvilon
  8794 | D:8      | Found Ridwaul's Magic Scroll Shoppe.
  8798 | D:8      | Bought a scroll of teleportation for 42 gold pieces
  8798 | D:8      | Bought a scroll of blinking for 105 gold pieces
  8854 | D:7      | Reached skill level 5 in Unarmed Combat
  9595 | D:8      | Noticed a komodo dragon
  9608 | D:8      | Killed a komodo dragon
 10464 | D:9      | Found Vysasuv's General Store.
 10550 | D:9      | Reached XP level 10. HP: 23/81 MP: 11/13
 11300 | D:9      | Reached ** piety under Elyvilon
 11517 | D:9      | Found Goim's Distillery.
 11535 | D:9      | Bought a potion of heal wounds for 70 gold pieces
 11535 | D:9      | Bought a potion of heal wounds for 70 gold pieces
 11850 | D:9      | Found Ejian's Assorted Antiques.
 12182 | D:10     | Entered Level 10 of the Dungeon
 12213 | D:10     | Found a staircase to the Lair.
 12289 | D:9      | HP: 2/81 [yak (5)]
 12896 | D:10     | Noticed a two-headed ogre
 13218 | D:10     | Killed a two-headed ogre
 13219 | D:10     | Reached XP level 11. HP: 24/92 MP: 12/14
 13961 | D:10     | Found a staircase to the Orcish Mines.
 13972 | D:10     | Reached *** piety under Elyvilon
 14544 | Lair:1   | Entered Level 1 of the Lair of Beasts
 15013 | Lair:1   | Reached skill level 1 in Invocations
 15446 | Lair:1   | Noticed a seven-headed hydra
 16271 | D:10     | Killed a seven-headed hydra
 16475 | Lair:1   | Reached skill level 5 in Invocations
 18161 | Lair:2   | Reached **** piety under Elyvilon
 18179 | Lair:2   | Slain by a cane toad

Illustrated notes

Levels and vault maps discovered:
D:1:      dpeg_arrival_refuge, layout_rooms
D:2:      layout_basic, minmay_pentomino_z4, uniq_sigmund
D:3:      layout_basic, lemuel_zombie_altar_yredelemnul,
          nicolae_ru_the_path_less_chosen, nicolae_dithmenos_shadow_blocks,
          tso_oasis_becter
D:4:      layout_loops_ring, minmay_unequal
D:5:      layout_basic, serial_curves, eino_curves_01, eino_curves_01
D:6:      layout_gridville, kennysheep_little_box, uniq_prince_ribbit1
D:7:      layout_rooms, kennysheep_okawaru_gauntlet, led_sif_pool,
          minmay_temple_entry_junction, serial_bayou_pond_e, uniq_maggie
D:8:      layout_basic, grunt_gozag_statues, serial_co_window_serial,
          co_window_corner_a, co_window_cross_1, co_window_corner_a,
          co_window_paths_b, co_window_corner_a, co_window_broadway_b,
          co_window_corner_b, co_window_corner_cb, co_window_corner_cb,
          co_window_2corner, co_window_paths_c, co_window_paths_d,
          co_window_sun, glass_columns_a, glass_columns_a, glass_columns_a,
          serial_shops, nicolae_shop_waterfront, kennysheep_mini
D:9:      layout_stronghold, serial_shops, shop_fountains, shop,
          nicolae_take_the_stairs, nzn_life_drinkers
D:10:     layout_basic, minmay_lair_entry_grove, david_orc_5,
          serial_corexii_hall, corexii_hall_statues_deadend,
          corexii_hall_statues_t, chequers_hall_statues_corner_a,
          chequers_hall_statues_corner_a, hangedman_decor_riveting
Temple:   eino_narrow_crystal_temple
Lair:1:   layout_regular_city
Lair:2:   layout_chaotic_city, infiniplex_staircase_pool_2

Skill      XL: |  1  2  3  4  5  6  7  8  9 10 11 |
---------------+----------------------------------+-----
Transmutations | 3 4 |  4.1
Fighting       | 3 4 5 7 9 |  9.3
Dodging        | 2 3 4 6 9 |  9.5
Air Magic      | 5 9 |  9.0
Unarmed Combat | 6 7 |  7.8
Invocations    | 8 |  8.9
Spellcasting   | |  2.0

Action                   |  1- 3 |  4- 6 |  7- 9 | 10-12 || total
-------------------------+-------+-------+-------+-------++-------
Melee: Unarmed           |   103 |    98 |   343 |   379 ||   923
       Tailslap          |     6 |     4 |    45 |    53 ||   108
       Kick              |     9 |    17 |    50 |    65 ||   141
       Headbutt          |     8 |    10 |    31 |    45 ||    94
       Punch             |     2 |       |     8 |    17 ||    27
Throw: Dart              |       |       |     1 |    10 ||    11
 Cast: Beastly Appendage |    18 |    16 |    37 |    41 ||   112
       Wereblood         |       |     4 |    11 |    17 ||    32
       Airstrike         |       |       |    29 |    29 ||    58
       Swiftness         |       |       |     1 |     4 ||     5
Invok: Heal Other        |       |       |       |     1 ||     1
 Abil: Breathe Acid      |       |       |    11 |    10 ||    21
Evoke: Wand              |       |       |       |     2 ||     2
  Use: Scroll            |       |       |     8 |    16 ||    24
Armor: Skin              |    51 |    40 |   132 |   118 ||   341
Dodge: Dodged            |    90 |    64 |   220 |   256 ||   630

Table legend: (Time is in decaauts)
 A = Elapsed time spent in this place.
 B = Non-inter-level travel time spent in this place.
 C = Inter-level travel time spent in this place.
 D = Time resting spent in this place.
 E = Time spent auto-exploring this place.
 F = Levels seen in this place.
 G = Mean time per level.
                   A        B        C        D        E       F      G
               +--------+--------+--------+--------+--------+-----+--------+
         Total |  18101 |  17662 |    439 |   4940 |  10174 |  13 | 1392.4 |
       Dungeon |  15775 |  15388 |    387 |   4133 |   8974 |  10 | 1577.5 |
        Temple |    224 |    217 |      7 |      0 |    208 |   1 |  224.0 |
          Lair |   2101 |   2056 |     45 |    807 |    992 |   2 | 1050.5 |
               +--------+--------+--------+--------+--------+-----+--------+

Top non-repeatable levels by time:
    D:10: 3452 daAuts
     D:8: 2209 daAuts
  Lair:1: 2077 daAuts
     D:6: 1865 daAuts
     D:9: 1793 daAuts
     D:7: 1635 daAuts
     D:5: 1217 daAuts
     D:3: 1027 daAuts
     D:2: 919 daAuts
     D:1: 871 daAuts
     D:4: 782 daAuts
  Temple: 224 daAuts
  Lair:2: 24 daAuts
